[Event "*** Titled Tuesday Blitz"]
[Site "Chess.com"]
[Date "2020.05.19"]
[Round "3"]
[White "Kolle05"]
[Black "NikolaGry"]
[Result "0-1"]
[WhiteElo "2398"]
[BlackElo "2607"]
[TimeControl "180+1"]
[EndTime "12:29:10 PDT"]
[Termination "NikolaGry won on time"]

1. e4 d5 2. exd5 Nf6 3. Bb5+ Bd7 4. Bc4 Bg4 5. f3 Bc8 6. Nc3 Nbd7 7. Nge2 Nb6 8. Bb5+ Bd7 9. Bxd7+ Qxd7 10. d4 Nbxd5 11.
Nxd5 Qxd5 12. O-O e6 13. Be3 Bd6 14. b3 c6 15. c4 Qh5 16. Ng3 Qh4 17. Bf2 Rd8 18.
Re1 O-O 19. Qe2 Nh5 20. Nf1 Qf6 21. Rad1 Nf4 22. Qe4 Bb4 23. Re3 Rd7 24. Bg3 g5 25. Bxf4 gxf4 26. Red3 Rfd8 27. d5 Bc5+ 28. Kh1 exd5 29.
cxd5 Re7 30. Qc4 Bb6 31. dxc6 Rxd3 32. Qxd3 bxc6 33. Rc1 Re5 34. Qd7 c5 35. Qc8+ Kg7 36. Qg4+ Rg5 37. Qd7 c4 38. bxc4 h6 39. Nd2 Qg6 40. Qh3 Qd3 41. Ne4 Be3 0-1

[Event "*** Titled Tuesday Blitz"]
[Site "Chess.com"]
[Date "2020.05.19"]
[Round "3"]
[White "Siemba"]
[Black "LimeInTheCoconut"]
[Result "0-1"]
[WhiteElo "2251"]
[BlackElo "2505"]
[TimeControl "180+1"]
[EndTime "12:29:10 PDT"]
[Termination "LimeInTheCoconut won on time"]

1. e4 c6 2. d4 d5 3. Nc3 dxe4 4.
Nxe4 Bf5 5. Ng3 Bg6 6. h4 h6 7. Nf3 e6 8. h5 Bh7 9. Bd3 Bxd3 10. Qxd3 Nf6 11. Bd2 c5 12. O-O-O Nc6 13. Bc3 Qd5 14.
dxc5 Qxd3 15. cxd3 Bxc5 16. d4 Be7 17. Ne5 Rc8 18. Kb1 Nd5 19. Ne4 O-O 20. g4 Rfd8 21. Rhg1 b5 22. Nxc6 Rxc6 23. Ba5 Rdc8 24. Rc1 f6 25. Rxc6 Rxc6 26. Rc1 Rxc1+ 27. Kxc1 Kf7 28. Kd2 f5 29. gxf5 exf5 30. Nc3 Nxc3 31. Kxc3 g6 32.
hxg6+ Kxg6 33. Bc7 Kf7 34. d5 Ke8 35. Kd4 Bf6+ 36.
Be5 Bh4 37. Ke3 Bg5+ 38. Kd3 Kd7 39. f3 a6 40. b3 h5 41. Ke2 Be7 42. Ke3 Bd6 0-1

[Event "*** Titled Tuesday Blitz"]
[Site "Chess.com"]
[Date "2020.05.19"]
[Round "3"]
[White "LuckSlayeer"]
[Black "pavelalexandru07"]
[Result "1-0"]
[WhiteElo "2441"]
[BlackElo "2223"]
[TimeControl "180+1"]
[EndTime "12:29:10 PDT"]
[Termination "LuckSlayeer won by resignation"]

1. Nf3 c5 2. c4 Nc6 3. Nc3 g6 4. e3 Bg7 5. d4 cxd4 6. exd4 d6 7. d5 Nb8 8. Be3 Nd7 9. Be2 Ngf6 10. O-O O-O 11. Rc1 b6 12. Nd4 a5 13. Nc6 Qe8 14. Nb5 Nc5 15. Nc7 Qd7 16. Nxa8 Qb7 17. Nxb6 Qxb6 18. Nxe7+ Kh8 19. Nxc8 Rxc8 20. Bd4 Kg8 21.
a3 a4 22. Re1 Qa5 23. Bc3 Qb6 24. Qd4 Nh5 25. Qe3 Nf6 26. Bf1 Qb7 27. Qe7 Qxe7 28. Rxe7 Kf8 29. Ra7 Nfe4 30. Bxg7+ Kxg7 31. Be2 Nd2 32. Rc2 Ndb3 33. f3 Nd4 34. Rd2 Ncb3 35. Rxd4 Nxd4 36. Bd1 Rxc4 37. Rxa4 Rxa4 38. Bxa4 Kf6 39. Kf2 Ke5 40. Bc6 Nb3 41. a4 f5 42. Ke3 f4+ 43. Kd3 Nc1+ 44. Kd2 Nb3+ 45. Kc2 Nd4+ 46. Kc3 Nf5 47. a5 Ne7 48. a6 Nc8 49. b4 Nb6 50. a7 1-0

[Event "*** Titled Tuesday Blitz"]
[Site "Chess.com"]
[Date "2020.05.19"]
[Round "3"]
[White "Piotrek1979"]
[Black "antoszu"]
[Result "1-0"]
[WhiteElo "2372"]
[BlackElo "2539"]
[TimeControl "180+1"]
[EndTime "12:29:12 PDT"]
[Termination "Piotrek1979 won by checkmate"]

1. e4 e6 2. d4 d5 3. Nd2 c5 4. exd5 Qxd5 5. Ngf3 cxd4 6. Bc4 Qd7 7. O-O Nc6 8. Nb3 Nf6 9. Nbxd4 Nxd4 10. Qxd4 Qxd4 11. Nxd4 Bd7 12. Bb5 O-O-O 13. c3 a6 14. Bxd7+ Rxd7 15. Nf3 Bd6 16. Bg5 Rhd8 17. Rfe1 Bc7 18. a4 h6 19. Bxf6 gxf6 20. Kf1 h5 21. Ke2 Bb6 22. a5 Ba7 23.
Ra4 Rd5 24. Rc4+ Rc5 25. Rxc5+ Bxc5 26. b4 Ba7 27. Nd2 Bxf2 28. Rf1 Bh4 29. g3 Bg5 30. Ne4 Rd5 31. Nxg5 fxg5 32. Rxf7 Re5+ 33. Kd3 g4 34. Rh7 Rf5 35. c4 Re5 36. Kd4 Rf5 37. Ke4 Kb8 38.
Rh6 Kc8 39. Rxe6 Rf2 40. Kd5 Kd7 41. Rh6 Rxh2 42. Rh7+ Kc8 43. Kc5 Rh3 44. Kd6 Kb8 45. b5 axb5 46. cxb5 Rxg3 47. Rxh5 Rd3+ 48. Kc5 Ka7 49.
Rg5 Rd8 50. Rg7 Rc8+ 51. Kb4 Re8 52. a6 Rb8 53. Ka5 Ka8 54. b6 bxa6 55. Ra7# 1-0

[Event "*** Titled Tuesday Blitz"]
[Site "Chess.com"]
[Date "2020.05.19"]
[Round "3"]
[White "ErikBlomqvist"]
[Black "Ana_Berke"]
[Result "1-0"]
[WhiteElo "2379"]
[BlackElo "2103"]
[TimeControl "180+1"]
[EndTime "12:29:13 PDT"]
[Termination "ErikBlomqvist won by resignation"]

1. e4 c5 2. Nf3 d6 3. d4 cxd4 4. Qxd4 Bd7 5. Be2 Nc6 6. Qe3 g6 7. O-O Bg7 8. Rd1 Nf6 9. h3 O-O 10. c4 Qb6 11. Qxb6 axb6 12. Nc3 Rfc8 13. Rb1 Be6 14.
b3 Nd7 15. Bd2 Nc5 16. Nd5 Bxd5 17. exd5 Nd4 18. Nxd4 Bxd4 19. a4 Kg7 20. Bg5 Bf6 21. Be3 Ne4 22. Rbc1 Nc3 23. Re1 Ra6 24. Bd3 Rc5 25.
Bxc5 bxc5 26. Rc2 Rb6 27. Re3 Rxb3 28. Bf1 Ra3 29. g3 Bd4 30. Rf3 f5 31. Kg2 Kf6 32.
h4 h5 33. Rd3 e5 34. dxe6 Kxe6 35. Be2 d5 36. cxd5+ Kxd5 37. Rdd2 Nxa4 38. Bf3+ Ke5 39. Bxb7 Rc3 40. Re2+ Kd6 41. Ra2 Nb6 42. Ra6 Kc7 43. Bf3 Nd7 44. Re7 Kd8 45. Rf7 Rb3 46. Rd6 Rb7 47.
Bxb7 Ke8 48. Rfxd7 1-0

[Event "*** Titled Tuesday Blitz"]
[Site "Chess.com"]
[Date "2020.05.19"]
[Round "3"]
[White "Shahinyan_ChessMood"]
[Black "PlotnikovPavel"]
[Result "1-0"]
[WhiteElo "2663"]
[BlackElo "2480"]
[TimeControl "180+1"]
[EndTime "12:29:14 PDT"]
[Termination "Shahinyan_ChessMood won on time"]

1. e4 e6 2. d3 d5 3. Nd2 c5 4.
Ngf3 Nc6 5. g3 g6 6. Bg2 Bg7 7. O-O Nge7 8. exd5 exd5 9. Re1 O-O 10. a4 b6 11. Nb3 a5 12. c3 Bg4 13. h3 Bf5 14. Bf4 Rc8 15. Ne5 Nxe5 16. Bxe5 Bxe5 17. Rxe5 Qd6 18. Qe1 Rc7 19. d4 c4 20. Nd2 Be6 21.
Nf3 Nc6 22. Re3 Rd8 23. Qd2 Ne7 24. Rae1 Nf5 25. Re5 Kg7 26. g4 Nh6 27. Rh5 Ng8 28. Rh4 h6 29. Ne5 g5 30. Rh5 Qe7 31. f4 gxf4 32. Qxf4 Qf6 33. Qg3 Kf8 34. g5 hxg5 35.
Rxg5 Ne7 36. Rf1 Qh6 37. Nxf7 Bxf7 38. Qxc7 Qxg5 39. Qxd8+ Kg7 40. Qd6 Ng6 41. Kh2 Nh4 42. Qg3 1-0

[Event "*** Titled Tuesday Blitz"]
[Site "Chess.com"]
[Date "2020.05.19"]
[Round "3"]
[White "Gerodot71"]
[Black "AliKa2810"]
[Result "1/2-1/2"]
[WhiteElo "2430"]
[BlackElo "2622"]
[TimeControl "180+1"]
[EndTime "12:29:14 PDT"]
[Termination "Game drawn by repetition"]

1. d4 Nf6 2. c4 g6 3. Nc3 Bg7 4. e4 d6 5. Be2 O-O 6. Be3 e5 7. d5 Na6 8. g4 Nc5 9. f3 a5 10. h4 h5 11. g5 Nh7 12. Qd2 f5 13. gxf6 Bxf6 14. Bf2 Be7 15. O-O-O Rf4 16. Bg3 Rxh4 17. Bxh4 Bxh4 18. Kb1 Bg5 19. Qe1 Qf6 20. Nh3 Bxh3 21.
Rxh3 a4 22. Qg3 Bf4 23. Qg2 Ng5 24. Rhh1 a3 25. b3 Kg7 26. Rdf1 Qf7 27. Bd1 Nd3 28. Bc2 Nb4 29. Rd1 Be3 30. Rhf1 Rf8 31. Nb5 Kh6 32. Nxa3 Ra8 33. Kb2 Qf6 34. Bb1 c5 35. Nc2 Nxc2 36.
Bxc2 Qf4 37. Bd3 Rf8 38. Be2 Bd4+ 39. Kc2 Ra8 40. Kb1 h4 41. Rh1 h3 42. Rxh3+ Nxh3 43. Qxh3+ Kg7 44. Rh1 Qd2 45. Qh7+ Kf6 46. Qh4+ Kf7 47.
Qh7+ Kf6 48. Qh4+ Kf7 49. Qh7+ Kf6 1/2-1/2

[Event "*** Titled Tuesday Blitz"]
[Site "Chess.com"]
[Date "2020.05.19"]
[Round "3"]
[White "GianmarcoVaR"]
[Black "chenxiaoyuer"]
[Result "0-1"]
[WhiteElo "2498"]
[BlackElo "2296"]
[TimeControl "180+1"]
[EndTime "12:29:14 PDT"]
[Termination "chenxiaoyuer won on time"]

1. d4 Nf6 2. c4 g6 3. Nf3 Bg7 4. g3 O-O 5. Bg2 d6 6. O-O Nc6 7. Nc3 Bg4 8. d5 Na5 9. Nd2 c5 10. Qc2 a6 11. h3 Bd7 12. b3 b5 13. Bb2 Rb8 14. Rab1 e5 15. dxe6 Bxe6 16. Nd5 Nxd5 17. cxd5 Bf5 18. e4 Bd7 19. Bxg7 Kxg7 20. b4 cxb4 21.
Qb2+ Qf6 22. Qxb4 Nb7 23. Rfc1 Nc5 24. Qc3 Rfc8 25. f4 Qxc3 26. Rxc3 Na4 27. Rxc8 Rxc8 28.
Nb3 Rc2 29. Ra1 Nc3 30. a3 Rb2 31. Na5 Bc8 32. h4 Rb1+ 33. Rxb1 Nxb1 34. e5 Nxa3 35.
exd6 Kf8 36. Nc6 Ke8 37. Bf1 Kd7 38. Bh3+ f5 39. h5 Kxd6 40. h6 Nc4 41. Nd8 Kxd5 42.
Nf7 b4 43. Bg2+ Kd4 44. Bf3 b3 45. Bd1 b2 46. Bc2 Na3 47. Bb1 Nxb1 48. Ng5 Nc3 49.
Nxh7 b1=Q+ 50. Kh2 Bb7 0-1

[Event "*** Titled Tuesday Blitz"]
[Site "Chess.com"]
[Date "2020.05.19"]
[Round "3"]
[White "pfalcon1949"]
[Black "Majesth"]
[Result "0-1"]
[WhiteElo "1958"]
[BlackElo "2464"]
[TimeControl "180+1"]
[EndTime "12:29:14 PDT"]
[Termination "Majesth won by checkmate"]

1. d4 g6 2. c4 Bg7 3. Nc3 d6 4. e4 e5 5. d5 f5 6. Bd3 Nf6 7.
Nge2 O-O 8. Bg5 h6 9. Bxf6 Qxf6 10. Qc2 a5 11. O-O-O Na6 12. a3 Nc5 13. f3 Qg5+ 14. Kb1 Qxg2 15. Rhg1 Qxf3 16. Rxg6 Rf6 17. exf5 Nxd3 18. Rxd3 Qf1+ 19. Ka2 Bxf5 20. Rxf6 Bxd3 21. Rxf1 Bxc2 22. Ng3 Rf8 23. Rg1 Kh7 24. Nh5 Bg6 25.
Ng3 Rf2 26. Nce4 Rxh2 27. Kb3 Rh3 28. Ka4 Rh2 29. b3 b6 30. b4 axb4 31. axb4 Be8+ 32. b5 Bd7 33. Kb4 Be8 34. Rf1 Bg6 35. Nf6+ Bxf6 36.
Rxf6 Kg7 37. Re6 Kf7 38. Kc3 Rh3 39. Kd2 Rxg3 40. Ke1 Rg4 41. Kf2 Rxc4 42. Ke3 Rd4 43. Kf3 Rxd5 44. Kg4 Kxe6 45. Kf3 Kf6 46. Ke3 Rd4 47. Ke2 Rd3 48. Ke1 e4 49. Ke2 Rb3 50. Ke1 Ke5 51. Ke2 Kd4 52. Kd2 Rb2+ 53. Kc1 Rh2 54. Kb1 Kc3 55. Ka1 Kb3 56. Kb1 Rh1# 0-1

[Event "*** Titled Tuesday Blitz"]
[Site "Chess.com"]
[Date "2020.05.19"]
[Round "3"]
[White "Bathory44"]
[Black "Chepaschess"]
[Result "0-1"]
[WhiteElo "2580"]
[BlackElo "2821"]
[TimeControl "180+1"]
[EndTime "12:29:16 PDT"]
[Termination "Chepaschess won on time"]

1. e4 c5 2. c3 d5 3. exd5 Qxd5 4. d4 Nf6 5. Nf3 e6 6. Bd3 Be7 7. Be3 b6 8. O-O O-O 9. c4 Qd8 10. Qe2 Bb7 11. Rd1 Nbd7 12. Nc3 cxd4 13. Bxd4 Qc7 14. Rac1 a6 15. Ne4 Nxe4 16. Bxe4 Rfd8 17. Bxb7 Qxb7 18. Ne5 Nxe5 19. Bxe5 Qc6 20. b3 f6 21. Bb2 Rxd1+ 22. Rxd1 Rd8 23. Rxd8+ Bxd8 24. Qd3 Be7 25. a3 a5 26. g3 Bc5 27. Qd8+ Kf7 28. Qd3 h5 29.
h4 e5 30. Kf1 Qd6 31. Qxd6 Bxd6 32. Ke2 Ke6 33. Bc1 Kd7 34. Kd3 Kc6 35. f3 e4+ 36. Kxe4 Bxg3 37. b4 Bxh4 38. Be3 a4 39. b5+ Kc7 40.
c5 bxc5 41. Bxc5 Be1 42. Kf5 h4 43. Kg4 Bg3 44. Bf8 g6 45. Be7 f5+ 46. Kh3 Kb7 47.
Bxh4 Bd6 48. Bf6 Bxa3 49. Kh4 Bc1 50. Bd4 a3 0-1

[Event "*** Titled Tuesday Blitz"]
[Site "Chess.com"]
[Date "2020.05.19"]
[Round "3"]
[White "TST2014"]
[Black "Popopuiyt"]
[Result "1-0"]
[WhiteElo "2564"]
[BlackElo "2370"]
[TimeControl "180+1"]
[EndTime "12:29:16 PDT"]
[Termination "TST2014 won by checkmate"]

1. d4 Nf6 2. c4 g6 3. Nf3 Bg7 4. Nc3 d5 5. Bg5 Ne4 6. Bh4 Nxc3 7. bxc3 dxc4 8. Qa4+ Nd7 9. e3 O-O 10. Qa3 c5 11. Bxc4 Nb6 12. Qxc5 Nxc4 13. Qxc4 Be6 14. Qb4 Qc7 15. Bxe7 a5 16. Qa3 Rfe8 17. Bd6 Qc4 18. Nd2 Qd3 19. c4 Bxc4 20. Qxd3 Bxd3 21. Kd1 f5 22. g3 Rad8 23. Bf4 h6 24. h4 b5 25. Rc1 b4 26. Bc7 Ra8 27. Rc6 Kh7 28. Kc1 Rec8 29. Kb2 Ra7 30. Rhc1 a4 31. Bd6 a3+ 32. Kb3 Rd8 33.
Bxb4 Rb7 34. Rc7 Rb6 35. R1c6 Rb5 36. Kxa3 Ra8+ 37. Kb3 Rab8 38. a3 Be2 39. Nc4 Kh8 40. Rxg6 Bf8 41. Kc3 Bxb4+ 42. axb4 Rxb4 43. Rxh6+ Kg8 44. Rg6+ Kh8 45. Ne5 Rb2 46. d5 R8b3+ 47. Kd4 Rd2+ 48. Kc5 Rc2+ 49. Kd6 Rb6+ 50. Nc6 Bf3 51. Rh6+ Kg8 52.
Re6 Rd2 53. Re8# 1-0

[Event "*** Titled Tuesday Blitz"]
[Site "Chess.com"]
[Date "2020.05.19"]
[Round "3"]
[White "CroissantNeuf"]
[Black "Ashedu66"]
[Result "0-1"]
[WhiteElo "2356"]
[BlackElo "2144"]
[TimeControl "180+1"]
[EndTime "12:29:16 PDT"]
[Termination "Ashedu66 won by resignation"]

1. Nf3 d5 2. g3 Nf6 3. Bg2 e6 4. d4 Be7 5. c4 O-O 6. Nc3 c6 7. O-O Nbd7 8. b3 b6 9. Bb2 Ba6 10. Nd2 b5 11. e4 bxc4 12. bxc4 Rb8 13. Rb1 dxc4 14. Qc2 Qa5 15. e5 Nd5 16. Nce4 c3 17. Bxc3 Nxc3 18. Nxc3 Bxf1 19. Rxf1 Nb6 20. Nce4 Nd5 21.
h4 Rfc8 22. Nf3 h6 23. Nd6 Bxd6 24. exd6 Qd8 25. Ne5 Qxd6 26. Be4 Nf6 27. Bf3 c5 28. Qe2 cxd4 29. Rd1 a5 30. Nd3 Rc3 31. Ne5 Rbc8 32. Kg2 Rc2 33. Qd3 Rxa2 34. Rf1 Rcc2 35. Be4 Qxe5 36. Bg6 Qd5+ 37. Be4 Qxe4+ 38. Qf3 Qxf3+ 39.
Kxf3 Rc3+ 40. Kf4 d3 41. Ke5 d2 42. Kd6 Ra4 43. Rd1 Rd4+ 44. Ke7 Rc1 0-1

[Event "*** Titled Tuesday Blitz"]
[Site "Chess.com"]
[Date "2020.05.19"]
[Round "3"]
[White "Vandros57"]
[Black "garicradomir"]
[Result "1/2-1/2"]
[WhiteElo "1958"]
[BlackElo "2271"]
[TimeControl "180+1"]
[EndTime "12:29:16 PDT"]
[Termination "Game drawn by repetition"]

1. d4 Nf6 2. c4 c5 3. e3 g6 4. Nf3 Bg7 5. dxc5 Na6 6. Nc3 Nxc5 7. Be2 O-O 8. O-O b6 9. Qc2 Bb7 10. b3 Nfe4 11. Bb2 d6 12. Rac1 Rc8 13. Rfd1 Qd7 14. h3 Qf5 15. Nxe4 Bxe4 16. Qd2 Bxb2 17. Qxb2 Bxf3 18. Bxf3 Nd3 19. Rxd3 Qxd3 20. Rd1 Qf5 21. Bg4 Qa5 22. Bxc8 Rxc8 23. g3 b5 24. cxb5 Qxb5 25. Rd4 Qa5 26. Qd2 Qf5 27. g4 Qb1+ 28. Kg2 Rc2 29. Qa5 Qxa2 30. Qd8+ Kg7 31. Rf4 Qxb3 32. Qxe7 Qe6 33. Qxa7 Rc5 34. Qa1+ Qe5 35. Qxe5+ dxe5 36. Ra4 Rc6 37. Kg3 h6 38. h4 f5 39. g5 hxg5 40. hxg5 Kf7 41. Ra7+ Ke6 42. Rg7 Kd5 43. Rf7 Re6 44.
f3 Kd6 45. e4 f4+ 46. Kf2 Re7 47. Rf6+ Re6 48. Rf7 Re7 49. Rf6+ Re6 50. Rf7 1/2-1/2

[Event "*** Titled Tuesday Blitz"]
[Site "Chess.com"]
[Date "2020.05.19"]
[Round "3"]
[White "CzechmVIII"]
[Black "Sanyura"]
[Result "0-1"]
[WhiteElo "2208"]
[BlackElo "2496"]
[TimeControl "180+1"]
[EndTime "12:29:17 PDT"]
[Termination "Sanyura won by checkmate"]

1. e4 c5 2. Nf3 e6 3. Nc3 Nc6 4. d4 cxd4 5. Nxd4 Nf6 6. Nxc6 bxc6 7. e5 Nd5 8. Ne4 Qc7 9. f4 Qb6 10. c4 Bb4+ 11. Ke2 f5 12. exf6 Nxf6 13. Be3 Qd8 14.
Nxf6+ Qxf6 15. Qd4 Qg6 16. Kf2 O-O 17. Bd3 e5 18.
Qe4 exf4 19. Bd4 Qh6 20. Rhd1 d6 21. Kg1 Bf5 22. Qe2 Rae8 23. Qf3 Bd7 24. Bxa7 Re3 25. Bxe3 fxe3 26. Qe2 d5 27. Rf1 Bd6 28. Rxf8+ Kxf8 29. g3 Bc5 30. Rf1+ Ke7 31. Qg2 e2+ 32. Kh1 exf1=Q+ 33. Bxf1 Qe3 34. Qe2 Bf5 35. Qxe3+ Bxe3 36. cxd5 Be4+ 37.
Bg2 Bxg2+ 38. Kxg2 cxd5 39. b4 Bd2 40. b5 Ba5 41.
Kf3 Ke6 42. Kf4 Bc7+ 43. Kg4 Ke5 44. a4 Ke4 45. h4 d4 46. Kg5 d3 47. h5 d2 48. h6 gxh6+ 49. Kxh6 d1=Q 50. Kxh7 Qg4 51. b6 Be5 52. b7 Qg7# 0-1

[Event "*** Titled Tuesday Blitz"]
[Site "Chess.com"]
[Date "2020.05.19"]
[Round "3"]
[White "ErikRonka"]
[Black "JustinWang1234"]
[Result "0-1"]
[WhiteElo "2377"]
[BlackElo "2578"]
[TimeControl "180+1"]
[EndTime "12:29:18 PDT"]
[Termination "JustinWang1234 won on time"]

1. e4 c6 2. Nf3 d5 3. Nc3 Nf6 4. e5 Ne4 5. Ne2 e6 6. d3 Nc5 7. g3 Be7 8. Bg2 g5 9. h3 h5 10. g4 Ncd7 11. d4 c5 12. c3 Nc6 13. Be3 b6 14.
Qd2 cxd4 15. cxd4 Ba6 16. Nc3 Nb4 17. O-O-O Rc8 18. a3 Na2+ 19. Kb1 Nxc3+ 20. bxc3 Qc7 21. Bxg5 Qxc3 22. Qxc3 Rxc3 23. Bxe7 Kxe7 24. Kb2 Rhc8 25. Rc1 Rxc1 26. Rxc1 Rxc1 27. Kxc1 hxg4 28. hxg4 Bd3 29. Ne1 Bh7 30. f4 Nb8 31. Kd2 Nc6 32. Kc3 Na5 33.
Bh3 Be4 34. f5 Nc4 35. a4 Ne3 36. fxe6 fxe6 37. g5 Nd1+ 38. Kd2 Nb2 39. Kc3 Nxa4+ 40. Kb4 Nb2 41. Kb5 Nc4 42. Ka6 Nd2 43. Bf1 Nxf1 44. Kxa7 b5 45. Kb6 b4 0-1

[Event "*** Titled Tuesday Blitz"]
[Site "Chess.com"]
[Date "2020.05.19"]
[Round "3"]
[White "Zmeeed63"]
[Black "Agent-JL"]
[Result "0-1"]
[WhiteElo "2197"]
[BlackElo "2487"]
[TimeControl "180+1"]
[EndTime "12:29:19 PDT"]
[Termination "Agent-JL won on time"]

1. d4 Nf6 2. c4 e6 3. Nc3 Bb4 4. f3 d5 5. a3 Bxc3+ 6. bxc3 c5 7. cxd5 Nxd5 8. dxc5 Nxc3 9. Qxd8+ Kxd8 10. e4 Na4 11. Be3 Nd7 12. Rd1 Ke7 13. Rc1 b6 14. c6 Ndc5 15.
Bb5 a6 16. Bxa4 Nxa4 17. Rc4 b5 18. Rc2 e5 19. Ne2 Be6 20. Kf2 Rhd8 21. h4 Rac8 22. h5 Rd3 23. h6 g6 24. Bg5+ f6 25. Bc1 Bb3 26. Rd2 Rxd2 27. Bxd2 Rxc6 28. Bb4+ Ke6 29. f4 Rc2 30. Kf3 Bc4 31. f5+ gxf5 32. exf5+ Kxf5 33. Ng3+ Ke6 34. Rd1 Bd5+ 35. Ke3 Rxg2 36. Ne2 f5 37. Bf8 Rxe2+ 38. Kxe2 Nc3+ 39. Kd2 Nxd1 40. Kxd1 f4 41.
Ke2 Kf5 42. Kf2 e4 43. Bc5 e3+ 44. Ke2 Ke4 45. a4 f3+ 46. Ke1 Bc4 47. axb5 f2+ 0-1

[Event "*** Titled Tuesday Blitz"]
[Site "Chess.com"]
[Date "2020.05.19"]
[Round "3"]
[White "doctorcristian"]
[Black "AndrewMaco"]
[Result "0-1"]
[WhiteElo "2362"]
[BlackElo "2558"]
[TimeControl "180+1"]
[EndTime "12:29:20 PDT"]
[Termination "AndrewMaco won on time"]

1. d4 Nf6 2. Nc3 d5 3. Bf4 e6 4. Nb5 Na6 5. e3 Be7 6. Nf3 Nh5 7. Be5 f6 8. Nd2 g6 9. Bg3 c6 10. Nc3 O-O 11. Bxa6 bxa6 12. O-O Nxg3 13. hxg3 c5 14. Na4 cxd4 15. exd4 e5 16. Nb3 e4 17. Nac5 f5 18. Qe2 Qd6 19. c4 Bf6 20. Rfd1 Rb8 21. Rac1 Rd8 22. Rc2 Kg7 23. Rdc1 Re8 24. Qe3 g5 25. cxd5 Qxd5 26. Rc4 Rb6 27. Nd3 Bd7 28. Rc5 Qd6 29. Ne5 Be6 30. Rc7+ Re7 31. R7c6 Rxc6 32. Rxc6 Qd5 33. Rxa6 h6 34. Nc5 Bc8 35. b3 Bxa6 36. Nxa6 Bxe5 37. dxe5 Qxe5 38. Kh2 f4 39. Qe2 e3 40. fxe3 fxg3+ 0-1

[Event "*** Titled Tuesday Blitz"]
[Site "Chess.com"]
[Date "2020.05.19"]
[Round "3"]
[White "chessplayer9919"]
[Black "Karina_Ivanova"]
[Result "1-0"]
[WhiteElo "2497"]
[BlackElo "2209"]
[TimeControl "180+1"]
[EndTime "12:29:20 PDT"]
[Termination "chessplayer9919 won on time"]

1. d4 Nf6 2. c4 e6 3. Nf3 b6 4. g3 Bb7 5. Bg2 Be7 6. O-O O-O 7. d5 exd5 8. Nh4 c6 9. cxd5 Nxd5 10. Nf5 Nc7 11. Nc3 d5 12. e4 Bf6 13. exd5 cxd5 14. Bf4 Nd7 15. Bxc7 Qxc7 16. Nxd5 Bxd5 17. Qxd5 Rad8 18.
Rac1 Qb8 19. b3 Nc5 20. Qc4 Rd2 21. b4 Ne6 22. Rfd1 Qd8 23. Ne3 a5 24. bxa5 bxa5 25. Nd5 Rxd1+ 26. Rxd1 Bb2 27. Bh3 Ng5 28. Bg2 Ne6 29.
h4 Qb8 30. Bh3 Nd8 31. Rb1 Qe5 32. Nf4 Qd4 33. Qe2 Bc3 34. Rd1 Qe5 35. Qc4 Bb4 36.
Nd3 Qd6 37. Bg4 Nb7 38. Nxb4 Qxb4 39. Qxb4 axb4 40. Rb1 f5 41. Bf3 Nd6 42. Rxb4 1-0

[Event "*** Titled Tuesday Blitz"]
[Site "Chess.com"]
[Date "2020.05.19"]
[Round "3"]
[White "MFguimaraes"]
[Black "kleinebeer98"]
[Result "1-0"]
[WhiteElo "2512"]
[BlackElo "2674"]
[TimeControl "180+1"]
[EndTime "12:29:21 PDT"]
[Termination "MFguimaraes won on time"]

1. e4 e5 2. Nf3 Nc6 3. Bc4 Nf6 4. Ng5 d5 5. exd5 Na5 6. Bb5+ Bd7 7. Qe2 Be7 8. Nc3 O-O 9. Bxd7 Qxd7 10. Nge4 Nxd5 11. Nxd5 Qxd5 12. O-O Nc6 13. d3 Nd4 14. Qd1 f5 15. Nc3 Qc6 16. f4 Bc5 17. Kh1 e4 18. dxe4 fxe4 19. Be3 Rad8 20. Bxd4 Bxd4 21. Qe1 Bxc3 22.
Qxc3 Qxc3 23. bxc3 Rd2 24. Rac1 Kf7 25. Kg1 Kf6 26. Rb1 b6 27. Rb4 Re8 28. Rc4 c5 29. Re1 Kf5 30. a4 Rd5 31. Kf2 a6 32. Rb1 e3+ 33. Kf3 e2 34. g4+ Kf6 35. Re1 Rd2 36.
a5 bxa5 37. Rxc5 Rxc2 38. g5+ Kg6 39. Kg4 a4 40. Ra5 Rd2 41. Rxa6+ Kf7 42. Kf3 Rd3+ 43. Kf2 Rxc3 44. Rxa4 Rh3 45. Kg2 Rhe3 46. f5 R3e5 47. Ra2 1-0

[Event "*** Titled Tuesday Blitz"]
[Site "Chess.com"]
[Date "2020.05.19"]
[Round "3"]
[White "GMCarbone"]
[Black "Vuk2000"]
[Result "1/2-1/2"]
[WhiteElo "2325"]
[BlackElo "2611"]
[TimeControl "180+1"]
[EndTime "12:29:21 PDT"]
[Termination "Game drawn by repetition"]

1. d4 e6 2. c4 Nf6 3. g3 d5 4. Nf3 Be7 5. Bg2 O-O 6. Nc3 dxc4 7. Ne5 Nc6 8. Bxc6 bxc6 9. Nxc6 Qe8 10. Nxe7+ Qxe7 11. Qa4 c5 12. dxc5 Qxc5 13. Be3 Qc7 14. O-O-O Bb7 15.
f3 Nd5 16. Bd4 Rfd8 17. e4 Nb6 18. Qa5 Nd5 19. Qxc7 Nxc7 20. Rd2 f5 21. Rhd1 fxe4 22. Nxe4 Bxe4 23. fxe4 Nb5 24. Be5 Rxd2 25. Rxd2 Rf8 26.
Rd7 Rf1+ 27. Kd2 Rf2+ 28. Ke3 Rxh2 29. a4 c3 30. bxc3 Na3 31. Rxg7+ Kf8 32. Rxa7 Nc4+ 33. Kd4 Nd2 34. Bd6+ Ke8 35. Ke5 Nc4+ 36. Kxe6 Rh6+ 37. Kd5 Nxd6 38. Ra8+ Kd7 39. Ra7+ Kd8 40. e5 Nf5 41. Ra8+ Kc7 42. Ra7+ Kb6 43. Rf7 Ne3+ 44. Ke4 Nc4 45.
Rf6+ Rxf6 46. exf6 Kc6 47. Kf5 Kd6 48. g4 Kd7 49. g5 Nd6+ 50. Ke5 Nf7+ 51. Kf5 Nd6+ 52. Ke5 Nf7+ 53. Kf5 Nd6+ 1/2-1/2

[Event "*** Titled Tuesday Blitz"]
[Site "Chess.com"]
[Date "2020.05.19"]
[Round "3"]
[White "Emolas-2020"]
[Black "zajka-molotok"]
[Result "1-0"]
[WhiteElo "2300"]
[BlackElo "2326"]
[TimeControl "180+1"]
[EndTime "12:29:21 PDT"]
[Termination "Emolas-2020 won by resignation"]

1. e4 e5 2. Nf3 Nc6 3. Bc4 Bc5 4. O-O Nf6 5. d3 O-O 6. h3 h6 7. c3 Bb6 8. Re1 d6 9. Nbd2 a6 10. Nf1 Na5 11. Ng3 Nxc4 12. dxc4 Be6 13. b3 Qd7 14. Qd3 Kh8 15. Be3 Bxe3 16. Qxe3 Ng8 17. Rad1 b6 18. Nxe5 Qe8 19. Nf3 Ne7 20. Nd4 Bd7 21. e5 d5 22.
cxd5 Nxd5 23. Qd2 Rd8 24. c4 Ne7 25. Qe3 c5 26. Nde2 Nc6 27. f4 f6 28. Nc3 fxe5 29.
fxe5 Nd4 30. Rd2 Bxh3 31. Nd5 b5 32. Ne4 Bf5 33. Nxc5 Ne6 34. Nxe6 Qxe6 35. Nf4 Qe7 36. Rxd8 Rxd8 37. e6 Re8 38. Qe5 Bh7 39. Rd1 Qa7+ 40. c5 Qe7 41. Rd7 Qh4 42. e7 Qg3 43.
c6 h5 44. c7 h4 45. Rd8 Bg6 46. Rxe8+ Bxe8 47. c8=Q 1-0

[Event "*** Titled Tuesday Blitz"]
[Site "Chess.com"]
[Date "2020.05.19"]
[Round "3"]
[White "Rsnr"]
[Black "Meri-Arabidze"]
[Result "0-1"]
[WhiteElo "2838"]
[BlackElo "2617"]
[TimeControl "180+1"]
[EndTime "12:29:22 PDT"]
[Termination "Meri-Arabidze won by resignation"]

1. d4 d5 2. c4 dxc4 3. e4 e5 4. Nf3 exd4 5. Bxc4 Nc6 6. O-O Be6 7. Bxe6 fxe6 8. Qb3 Qd7 9. Qxb7 Rb8 10. Qa6 Nf6 11.
Nbd2 Bd6 12. b3 O-O 13. Bb2 e5 14. Rac1 Nb4 15. Qc4+ Qf7 16. Qxf7+ Rxf7 17. a4 Nd3 18. Rc2 Re7 19. Ba1 Nc5 20. Nxe5 Rxe5 21. Bxd4 Ne6 22. Bxe5 Bxe5 23. Rc4 c5 24. Nf3 Bd4 25. Nxd4 cxd4 26.
e5 Ne4 27. Re1 N4c5 28. b4 Nd3 29. Rd1 Nxb4 30. Rb1 a5 31. g3 d3 32. f4 Rd8 33.
Kf2 Nd4 34. Ke3 Ndc2+ 35. Kd2 Na3 36. Rbxb4 axb4 37. Rxb4 Nc2 38. Rc4 Ne3 39. Rc3 Nf1+ 40. Kd1 Ne3+ 41. Kd2 Nf1+ 42. Kd1 d2 43. Rf3 Rc8 44.
Ke2 Rc1 45. Rd3 Re1+ 46. Kf2 d1=Q 47. Rxd1 Rxd1 0-1

[Event "*** Titled Tuesday Blitz"]
[Site "Chess.com"]
[Date "2020.05.19"]
[Round "3"]
[White "Leonid_Starozhilov"]
[Black "AustrianFalcon"]
[Result "0-1"]
[WhiteElo "2646"]
[BlackElo "2434"]
[TimeControl "180+1"]
[EndTime "12:29:22 PDT"]
[Termination "AustrianFalcon won on time"]

1. e4 g6 2. d4 Bg7 3. Nc3 d6 4. h3 a6 5. a4 Nf6 6. Be3 O-O 7. g4 Nc6 8. Bg2 e5 9. Nge2 h5 10. g5 Nh7 11. h4 Bg4 12. f3 Bd7 13. Qd2 b5 14. d5 Na5 15. b3 c5 16. dxc6 Bxc6 17. O-O Nb7 18. axb5 axb5 19. Nd5 Nc5 20. Rxa8 Bxa8 21.
Rd1 f5 22. Bxc5 dxc5 23. Qc3 Nxg5 24. hxg5 Qxg5 25. Qe3 f4 26. Qxc5 h4 27. Qe7 Qh5 28. Nc7 h3 29. Qe6+ Rf7 30. Bxh3 Qxf3 31. Rd8+ Bf8 32.
Nxa8 Qe3+ 33. Kh1 Qf3+ 34. Bg2 Qh5+ 35. Qh3 Qxe2 36. Qf3 Qe1+ 37. Qf1 Qh4+ 38. Kg1 Kg7 39. Qf3 Qe1+ 40. Qf1 Bc5+ 41. Kh2 Qg3+ 42. Kh1 f3 43. Bh3 f2 44. Rd7 Qg1+ 0-1